[ PARTIDA AOE2 · #477943311 ]
UnrankedPortugueses vs Wei
Equipo del jugador · DERR
Equipo rival · VICT
[ ANÁLISIS DE REPETICIÓN · EXTRAÍDO DE LA PARTIDA GRABADA ]
Feudal
9:18
Castillos
—
Imperial
—
| APM promedio | 47.7 |
| APM pico | 90 |
| eAPM promedio | 19.6 |
| Aldeanos / militares | 27 / 3 |
Foco
⚔️ 37.3% · 🌾 62.7%
Archer ×3
Feudal
9:47
Castillos
—
Imperial
—
| APM promedio | 65.3 |
| APM pico | 98 |
| eAPM promedio | 22.5 |
| Aldeanos / militares | 33 / 9 |
Foco
⚔️ 35.4% · 🌾 64.6%
Militia ×4 · Archer ×3 · Skirmisher ×2
Mapa de la partida
Recursos iniciales + cada clic de construcción. Líneas = muros · curvas = relieve. ◆ oro · ⬟ piedra · ● bayas · ✦ reliquia · ◌ hueco del cierre
Tu base· Abierta — hueco de 5t
Base de Kilroy· Abierta — flanco sin cerrar
Terreno inicial suavizado · ◌ = hueco del cierre detectado · pasá el cursor para detalles
Inputs por minuto
— OIDA | Hansdampf - - Kilroy
Build order — OIDA | Hansdampf
67 acciones detectadas en el replay
| 0:01 | Crear | Villager (Male) |
| 0:02 | Construir | House |
| 0:03 | Construir | House |
| 0:11 | Crear | Villager (Male) |
| 0:11 | Crear | Villager (Male) |
| 0:12 | Crear | Villager (Male) |
| 1:26 | Crear | Villager (Male) |
| 1:47 | Construir | Lumber Camp |
| 1:53 | Crear | Villager (Male) |
| 2:20 | Crear | Villager (Male) |
| 2:40 | Crear | Villager (Male) |
| 3:01 | Crear | Villager (Male) |
| 3:25 | Construir | House |
| 3:28 | Construir | Palisade Wall |
| 3:28 | Construir | Palisade Wall |
| 3:33 | Crear | Villager (Male) |
| 4:02 | Crear | Villager (Male) |
| 4:03 | Crear | Villager (Male) |
| 4:30 | Crear | Villager (Male) |
| 4:31 | Crear | Villager (Male) |
| 4:42 | Construir | Mill |
| 4:47 | Construir | Mill |
| 5:29 | Crear | Villager (Male) |
| 5:39 | Crear | Villager (Male) |
| 5:39 | Crear | Villager (Male) |
| 5:43 | Investigar | Loom |
| 6:28 | Construir | Barracks |
| 6:43 | Crear | Villager (Male) |
| 6:55 | Construir | House |
| 7:02 | Investigar | Feudal Age |
| 7:54 | Construir | Palisade Wall |
| 8:16 | Construir | Palisade Wall |
| 8:18 | Construir | Palisade Wall |
| 8:32 | Construir | Palisade Wall |
| 8:33 | Construir | Palisade Wall |
| 8:57 | Construir | Palisade Wall |
| 8:58 | Construir | House |
| 8:59 | Construir | Palisade Wall |
| 9:06 | Construir | Mining Camp |
| 9:10 | Crear | Villager (Male) |
| 9:18 | Edad | Edad Feudal |
| 9:24 | Construir | Archery Range |
| 9:29 | Crear | Villager (Male) |
| 9:32 | Investigar | Double-Bit Axe |
| 9:45 | Crear | Villager (Male) |
| 9:59 | Construir | Palisade Wall |
| 10:10 | Construir | Palisade Wall |
| 10:10 | Construir | Palisade Wall |
| 10:20 | Crear | Villager (Male) |
| 10:39 | Construir | Archery Range |
| 11:00 | Crear | Villager (Male) |
| 11:15 | Crear | Archer |
| 11:16 | Crear | Villager (Male) |
| 11:20 | Construir | Mill |
| 11:33 | Crear | Villager (Male) |
| 11:34 | Construir | Palisade Wall |
| 11:39 | Crear | Archer |
| 11:42 | Construir | Palisade Wall |
| 11:51 | Crear | Villager (Male) |
| 11:57 | Construir | House |
| 12:06 | Construir | House |
| 12:13 | Construir | Palisade Wall |
| 12:14 | Construir | Palisade Wall |
| 12:20 | Crear | Villager (Male) |
| 12:24 | Construir | Palisade Wall |
| 12:26 | Construir | Palisade Wall |
| 12:29 | Crear | Archer |
Build order — Kilroy
64 acciones detectadas en el replay
| 0:00 | Crear | Villager (Male) |
| 0:00 | Crear | Villager (Male) |
| 0:01 | Crear | Villager (Male) |
| 0:01 | Crear | Villager (Male) |
| 0:01 | Crear | Villager (Male) |
| 0:02 | Construir | House |
| 0:03 | Construir | House |
| 1:27 | Crear | Villager (Male) |
| 1:28 | Crear | Villager (Male) |
| 1:44 | Construir | Lumber Camp |
| 1:58 | Crear | Villager (Male) |
| 1:59 | Crear | Villager (Male) |
| 2:24 | Crear | Villager (Male) |
| 2:24 | Crear | Villager (Male) |
| 2:46 | Crear | Villager (Male) |
| 3:07 | Crear | Villager (Male) |
| 3:07 | Crear | Villager (Male) |
| 3:24 | Crear | Villager (Male) |
| 3:41 | Construir | House |
| 3:45 | Crear | Villager (Male) |
| 3:45 | Crear | Villager (Male) |
| 4:00 | Crear | Villager (Male) |
| 4:17 | Crear | Villager (Male) |
| 4:17 | Crear | Villager (Male) |
| 4:34 | Construir | Mill |
| 4:57 | Crear | Villager (Male) |
| 5:12 | Crear | Villager (Male) |
| 5:45 | Crear | Villager (Male) |
| 6:15 | Crear | Villager (Male) |
| 6:15 | Investigar | Loom |
| 6:39 | Construir | Barracks |
| 7:09 | Construir | Mining Camp |
| 7:37 | Investigar | Feudal Age |
| 7:37 | Investigar | Feudal Age |
| 7:55 | Construir | House |
| 8:07 | Crear | Militia |
| 8:07 | Crear | Militia |
| 8:15 | Crear | Militia |
| 8:52 | Crear | Militia |
| 9:18 | Crear | Villager (Male) |
| 9:34 | Crear | Villager (Male) |
| 9:47 | Edad | Edad Feudal |
| 9:51 | Crear | Villager (Male) |
| 10:03 | Investigar | Man-at-Arms (upgrade) |
| 10:17 | Crear | Villager (Male) |
| 10:59 | Construir | Archery Range |
| 11:05 | Construir | House |
| 11:30 | Crear | Archer |
| 11:30 | Crear | Archer |
| 11:31 | Crear | Skirmisher |
| 11:34 | Construir | Watch Tower |
| 11:40 | Crear | Villager (Male) |
| 11:41 | Construir | Farm |
| 12:00 | Crear | Villager (Male) |
| 12:02 | Construir | Farm |
| 12:19 | Crear | Archer |
| 12:19 | Crear | Skirmisher |
| 12:33 | Construir | Palisade Wall |
| 12:34 | Construir | Palisade Wall |
| 12:36 | Construir | Palisade Wall |
| 12:36 | Construir | Palisade Wall |
| 12:40 | Crear | Villager (Male) |
| 12:40 | Crear | Villager (Male) |
| 12:40 | Crear | Villager (Male) |
Cronología de la partida
| 3:28 | OIDA | Hansdampf · wall_segment Palisade Wall x1 |
| 3:28 | OIDA | Hansdampf · wall_segment Palisade Wall x1 |
| 6:28 | OIDA | Hansdampf · first_building Barracks |
| 6:39 | Kilroy · first_building Barracks |
| 7:54 | OIDA | Hansdampf · wall_segment Palisade Wall x1 |
| 8:16 | OIDA | Hansdampf · wall_segment Palisade Wall x1 |
| 8:18 | OIDA | Hansdampf · wall_segment Palisade Wall x1 |
| 8:32 | OIDA | Hansdampf · wall_segment Palisade Wall x1 |
| 8:33 | OIDA | Hansdampf · wall_segment Palisade Wall x1 |
| 8:57 | OIDA | Hansdampf · wall_segment Palisade Wall x2 |
| 8:59 | OIDA | Hansdampf · wall_segment Palisade Wall x1 |
| 9:18 | OIDA | Hansdampf · age_up feudal |
| 9:24 | OIDA | Hansdampf · first_building Archery Range |
| 9:47 | Kilroy · age_up feudal |
| 9:59 | OIDA | Hansdampf · wall_segment Palisade Wall x1 |
| 10:10 | OIDA | Hansdampf · wall_segment Palisade Wall x1 |
| 10:10 | OIDA | Hansdampf · wall_segment Palisade Wall x1 |
| 10:59 | Kilroy · first_building Archery Range |
| 11:34 | OIDA | Hansdampf · wall_segment Palisade Wall x1 |
| 11:42 | OIDA | Hansdampf · wall_segment Palisade Wall x1 |
| 12:13 | OIDA | Hansdampf · wall_segment Palisade Wall x1 |
| 12:14 | OIDA | Hansdampf · wall_segment Palisade Wall x1 |
| 12:24 | OIDA | Hansdampf · wall_segment Palisade Wall x1 |
| 12:26 | OIDA | Hansdampf · wall_segment Palisade Wall x1 |
| 12:33 | Kilroy · wall_segment Palisade Wall x3 |
| 12:34 | Kilroy · wall_segment Palisade Wall x2 |
| 12:36 | Kilroy · wall_segment Palisade Wall x2 |
| 12:36 | Kilroy · wall_segment Palisade Wall x1 |
| 12:49 | OIDA | Hansdampf · resign |
[ ANÁLISIS IA · 1 CRÉDITO ]
¿Qué pasó realmente en esta partida?
Wolo.gg analiza cada decisión: build order, eco, micro, errores típicos por bracket. Análisis personalizado por WhatsApp o Discord en 30 segundos.
Guía civ
Portugueses
Perfil
Hansdampf